 Dungeon Crawl Stone Soup version 0.32-a0-290-g598725c5f2 (webtiles) character file.

Game seed: 4269185271684950041

408 Dittersdorf the Covered (level 6, -3/40 HPs)
             Began as a Gargoyle Fighter on Feb 13, 2024.
             Was an Initiate of Gozag.
             Splashed by a jelly's acid (9 damage)
             ... on level 5 of the Dungeon.
             The game lasted 00:03:59 (3241 turns).

Dittersdorf the Covered (Gargoyle Fighter)          Turns: 3241, Time: 00:04:00

Health: -3/40      AC:  0    Str: 21    XL:     6   Next: 88%
Magic:  6/6        EV: 13    Int:  9    God:    Gozag
Gold:   284        SH:  5    Dex: 15    Spells: 5/5 levels left

rFire   . . .        a - +0 flail
rCold   . . .        c - +0 buckler
rNeg    + . .        s - +0 chain mail
rPois   ∞            (no helmet)
rElec   +            q - +0 cloak
rCorr   .            (no gloves)
SInv    .            t - +0 pair of boots
Will    .....        (no amulet) Stlth
                     g - +6 ring of dexterity
HPRegen 0.26/turn    v - +5 ring of evasion
MPRegen 0.10/turn

%: no passive effects
@: corroded
A: sickness immunity, AC +4, negative energy resistance 1, electricity
resistance, torment resistance 1, petrification resistance
a: Renounce Religion, Potion Petition, Call Merchant, Bribe Branch


You were on level 5 of the Dungeon.
You worshipped Gozag.
Gozag was aware of your devotion.
You visited 1 branch of the dungeon, and saw 5 of its levels.

You collected 320 gold pieces.
You paid 36 gold pieces to Gozag.

Inventory:

Hand Weapons
 a - a +0 flail (weapon)
Armour
 c - a +0 buckler (worn)
 q - a +0 cloak (worn)
 s - a +0 chain mail (worn)
 t - a +0 pair of boots (worn)
Jewellery
 g - a +6 ring of dexterity (left hand)
 v - a +5 ring of evasion (right hand)
Scrolls
 b - 2 scrolls of amnesia {unknown}
 e - a scroll of enchant armour {unknown}
 f - 2 scrolls of teleportation {unknown}
 i - a scroll of summoning {unknown}
 j - a scroll of brand weapon {unknown}
 k - 3 scrolls of identify {unknown}
 l - a scroll of vulnerability {unknown}
 m - a scroll of enchant weapon {unknown}
 p - 2 scrolls of poison {unknown}
 r - 3 scrolls of torment {unknown}
 u - a scroll of fog {unknown}
Potions
 d - a potion of might
 h - a potion of invisibility {unknown}
 n - 2 potions of magic {unknown}
 o - a potion of enlightenment {unknown}
 w - a potion of brilliance {unknown}
 x - a potion of ambrosia {unknown}


   Skills:
 + Level 4.9 Fighting
 + Level 3.8 Maces & Flails
 + Level 5.0 Armour
 + Level 4.9 Shields


You had 5 spell levels left.
You didn't know any spells.
Your spell library contained the following spells:

 Spells                   Type           Power      Damage    Failure   Level
 Apportation              Tloc           0%         N/A       97%         1
 Slow                     Hex            0%         N/A       97%         1
 Blink                    Tloc           0%         N/A       99%         2
 Jinxbite                 Hex            0%         N/A       99%         2
 Lesser Beckoning         Tloc           0%         N/A       99%         2
 Momentum Strike          Conj/Tloc      0%         3d8       99%         2
 Confusing Touch          Hex            0%         N/A       100%        3
 Sigil of Binding         Hex            0%         N/A       100%        3
 Vampiric Draining        Necr           0%         2d6       100%        3
 Alistair's Intoxication  Alch           0%         N/A       100%        5


Dungeon Overview and Level Annotations

Branches:
Dungeon (5/15)
 Temple: D:4-7

Altars:
Gozag
Okawaru
Yredelemnul

Shops:
D:1 :   D:3 [

Portals:
Abyss: D:4

Annotations:
D:4 2 transporters, hattop's ghost, novice VSSh


Innate Abilities, Weirdness & Mutations

You are immune to sickness and miasma.
Your stone body is resilient. (AC +4)
You are immune to poison.
You resist negative energy. (rN+)
You are resistant to electric shocks. (rElec)
You are resistant to unholy torment.
You are immune to petrification.


Message History

The jelly closely misses you. The jelly misses you.
You hit the jelly.
Your hands burn!
The jelly is heavily wounded.
The jelly completely misses you.
You hit the jelly but do no damage.
Your hands burn!
The jelly is heavily wounded.
The jelly closely misses you.
You hit the jelly. The acid corrodes you!
Your hands burn!
The jelly is severely wounded.
The jelly hits you.
You are splashed with acid!
You are too injured to fight recklessly!
You are too injured to fight recklessly!
You are too injured to fight recklessly!
You are too injured to fight recklessly!
You are too injured to fight recklessly!
You are too injured to fight recklessly!
You are too injured to fight recklessly!
You are too injured to fight recklessly!
You are too injured to fight recklessly!
You are too injured to fight recklessly!
You are too injured to fight recklessly!
You are too injured to fight recklessly!
You are too injured to fight recklessly!
You are too injured to fight recklessly!
You are too injured to fight recklessly!
You are too injured to fight recklessly!
You are too injured to fight recklessly!
You barely miss the jelly.
The jelly is severely wounded.
The jelly closely misses you. The jelly hits you. The acid corrodes you!
You are splashed with acid.
* * * LOW HITPOINT WARNING * * *
You hit the jelly but do no damage.
Your hands burn!
* * * LOW HITPOINT WARNING * * *
The jelly is severely wounded.
The jelly hits you.
* * * LOW HITPOINT WARNING * * *
The acid corrodes you!
You are splashed with acid!
You die...
Your body crumbles into a pile of gold.

#..(.......
###..#).#..
##.........
#..########### #
#............#
.#
#.#.###.###..#.#
#.#.....# ...
#.#####.###J# ..
#...@.# #.
###.#.# #.
.....# ..(....#
#.###...# ..
....# # #...#
#...#


You could see a jelly.

Vanquished Creatures
  A phantom (D:5)
  A scorpion (D:5)
  2 bombardier beetles (D:3)
  2 hounds
  2 adders
  2 dart slugs
  An orc (D:4)
  8 ball pythons
  5 endoplasms
  3 giant cockroaches
  9 goblins
  7 hobgoblins
  5 jackals
  3 quokkas
  9 bats
  3 frilled lizards
  7 kobolds
  4 rats
74 creatures vanquished.

Notes
Turn   | Place    | Note
-------+----------+-------------------------------------------
     0 | D:1      | Dittersdorf the Gargoyle Fighter began the quest for the
                  | Orb.
     0 | D:1      | Reached XP level 1. HP: 14/14 MP: 1/1
    27 | D:1      | Found Oxzex's Vocational Training.
    37 | D:1      | Reached XP level 2. HP: 12/19 MP: 2/2
   274 | D:1      | Reached XP level 3. HP: 23/23 MP: 3/3
   395 | D:1      | Found a faded altar of an unknown god.
   793 | D:2      | Reached XP level 4. HP: 27/29 MP: 4/4
   822 | D:2      | Reached skill level 4 in Armour
  1504 | D:3      | Found a basalt altar of Yredelemnul.
  1504 | D:3      | Found an opulent altar of Gozag.
  1515 | D:3      | Became a worshipper of Gozag Ym Sagoz the Greedy
  1611 | D:3      | Reached XP level 5. HP: 33/33 MP: 5/5
  2278 | D:3      | Found Veuplow's Antique Armour Shoppe.
  2470 | D:4      | You fall into a shaft and drop 1 floor!
  2470 | D:5      | Entered Level 5 of the Dungeon
  2472 | D:5      | Noticed a phantom
  2486 | D:5      | Killed a phantom
  2487 | D:5      | Reached XP level 6. HP: 32/39 MP: 6/6
  2536 | D:4      | Found an iron altar of Okawaru.
  2776 | D:4      | Found a one-way gate to the infinite horrors of the Abyss.
  2776 | D:4      | Noticed hattop's ghost (novice VSSh)
  2783 | D:4      | Found a transporter.
  2803 | D:4      | Found a transporter.
  2832 | D:4      | Noticed a small abomination
  3195 | D:5      | Reached skill level 5 in Armour
  3241 | D:5      | Splashed by a jelly's acid

Illustrated notes

Levels and vault maps discovered:
D:1:      lemuel_arrival_hallway, layout_basic,
          shapermc_ecumenical_altar_notcrosses, hangedman_decor_growths,
          st_stairs_13, nicolae_shop_vocational
D:2:      layout_loops_cross, minmay_misc_feat_roman
D:3:      minmay_angry_zag, layout_basic,
          chequers_temple_overflow_statue_of_worship, serial_shops, shop_statue,
          kennysheep_pointless_box
D:4:      layout_gridville, okawaru_trees_1, gammafunk_ghost_abyssal_escape
D:5:      layout_loops_ring, minmay_temple_entry_antechambers,
          columned_hall_lemuel

Skill      XL: |  1  2  3  4  5  6 |
---------------+-------------------+-----
Armour         | 4 5 |  5.0
Shields        | 4 |  4.9
Fighting       | 4 |  4.9
Maces & Flails | 3 |  3.8

Action                     |  1- 3 |  4- 6 || total
---------------------------+-------+-------++-------
  Melee: Flail             |    81 |   181 ||   262
   Stab: Distracted        |       |     1 ||     1
 Armour: Scale mail        |    53 |    61 ||   114
         Chain mail        |       |    80 ||    80
  Dodge: Dodged            |    37 |    94 ||   131
  Block: Buckler           |    18 |    44 ||    62

Table legend: (Time is in decaauts)
 A = Elapsed time spent in this place.
 B = Non-inter-level travel time spent in this place.
 C = Inter-level travel time spent in this place.
 D = Time resting spent in this place.
 E = Time spent auto-exploring this place.
 F = Levels seen in this place.
 G = Mean time per level.
                   A        B        C        D        E       F      G
               +--------+--------+--------+--------+--------+-----+--------+
         Total |   3315 |   3031 |    284 |     14 |   2362 |   5 |  663.0 |
       Dungeon |   3315 |   3031 |    284 |     14 |   2362 |   5 |  663.0 |
               +--------+--------+--------+--------+--------+-----+--------+

Top non-repeatable levels by time:
     D:3: 1032 daAuts
     D:2: 921 daAuts
     D:4: 633 daAuts
     D:1: 585 daAuts
     D:5: 142 daAuts
